 Dungeon Crawl Stone Soup version 0.29.0-15-g675c0067aa (webtiles) character file.

Game seed: 14929007440517396162

0 qw the Sneak (level 1, -4/14 HPs)
             Began as a Gargoyle Delver on Sept 11, 2022.
             Slain by a water moccasin (5 damage)
             ... on level 5 of the Dungeon.
             The game lasted 00:00:00 (32 turns).

qw the Sneak (Gargoyle Delver)                        Turns: 32, Time: 00:00:01

Health: -4/14      AC:  5    Str: 15    XL:     1   Next: 0%
Magic:  1/1        EV: 11    Int: 10    God:
Gold:   17         SH:  0    Dex: 11    Spells: 0/0 levels left

rFire   . . .      SeeInvis .   a - +0 hand axe
rCold   . . .      Faith    .   (no shield)
rNeg    + . .      Spirit   .   b - +0 leather armour
rPois   inf        Reflect  .   (no helmet)
rElec   +          Harm     .   (no cloak)
rCorr   .          Rampage  .   (no gloves)
Will    .....                   (no boots)
Stlth   +++.......              (no amulet)
HPRegen 0.04/turn               (no ring)
MPRegen 0.07/turn               (no ring)

@: no status effects
A: sickness immunity, AC +2, negative energy resistance 1, electricity
resistance, torment resistance 1, petrification resistance
a: no special abilities


You were on level 5 of the Dungeon.
You visited 1 branch of the dungeon, and saw 1 of its levels.

You collected 17 gold pieces.


Innate Abilities, Weirdness & Mutations

You are immune to sickness and miasma.
Your stone body is resilient. (AC +2)
You are immune to poison.
You resist negative energy. (rN+)
You are resistant to electric shocks. (rElec)
You are resistant to unholy torment.
You are immune to petrification.


   Skills:
 - Level 3.2 Fighting
 + Level 1.7 Axes
 - Level 1.5 Dodging
 - Level 5.4 Stealth


You couldn't memorise any spells.
You didn't know any spells.
Your spell library was empty.

Inventory:

Hand Weapons
 a - a +0 hand axe (weapon)
Armour
 b - a +0 leather armour (worn)
Wands
 g - a wand of digging (3)
Scrolls
 c - a scroll of fog
 d - a scroll of magic mapping
 e - a scroll of fear
Potions
 f - a potion of haste

Dungeon Overview and Level Annotations

Branches:
Dungeon (5/15)
 Temple: D:4-7

Altars:


Message History

Found a book of Scorching.
Found a stone staircase leading down.
Assign waypoint to what number? (0-9) Waypoint 2 assigned to D:5.
0 ||| PLANNING D:1-11 You now have 17 gold pieces.
There is a stone staircase leading down here.
Found an escape hatch in the ceiling.
A shadow imp comes into view.
Found a scroll labelled SIODAX MIRIHO.
The shadow imp shouts, "Back with thee, thou simpering clay-brained clam!"
A water moccasin comes into view.
There is an escape hatch in the ceiling here.
The water moccasin hisses angrily.
You see here a scroll labelled QUPSE FAPPESCH.
You barely miss the shadow imp. The shadow imp barely misses you.
You hit the shadow imp.
The shadow imp is heavily wounded.
The shadow imp hits you but does no damage.
You closely miss the shadow imp.
The shadow imp is heavily wounded.
You hit the water moccasin. The water moccasin closely misses you.
The shadow imp closely misses you. The water moccasin bites you!
Ouch! That really hurt!
You hit the shadow imp but do no damage.
The shadow imp is heavily wounded.
You barely miss the water moccasin. The water moccasin bites you.
The shadow imp hits you. The water moccasin barely misses you.
You hit the shadow imp but do no damage.
The shadow imp is heavily wounded.
You hit the water moccasin but do no damage.
The shadow imp barely misses you. The water moccasin misses you.
The shadow imp barely misses you.
You hit the shadow imp.
You kill the shadow imp!
You closely miss the water moccasin. The water moccasin bites you.
You die...

.# # .# .# ##.##.#
#.....## # #......# #.
#......# ##.# #.S....#
..... +@.....#
####..##<.....#
#.?...^.......#
.###.#.#.##.##
#...#.##.#
#.#.#####.#.##.#
..........#.##.#########
....####....##.#.......#
. #..###....#####+#


You could see a water moccasin.

Vanquished Creatures
  A shadow imp (D:5)
1 creature vanquished.

Notes
Turn   | Place    | Note
-------+----------+-------------------------------------------
     0 | D:5      | qw the Gargoyle Delver began the quest for the Orb.
     0 | D:5      | Reached XP level 1. HP: 14/14 MP: 1/1
     0 | D:5      | 0 ||| qw: Version: 0.1-a-118-gb4e7ce6
     0 | D:5      | 0 ||| qw: Game counter: 10348
     0 | D:5      | 0 ||| qw: Always use a shield: true
     0 | D:5      | 0 ||| qw: God list: Okawaru
     0 | D:5      | 0 ||| qw: Allow faded altars: false
     0 | D:5      | 0 ||| qw: Do Orc after D:15 true
     0 | D:5      | 0 ||| qw: Do second Lair branch before Depths: true
     0 | D:5      | 0 ||| qw: Lair rune preference: random
     0 | D:5      | 0 ||| qw: Plans: Normal
     0 | D:5      | 0 ||| PLANNING D:1-11
    25 | D:5      | Noticed a water moccasin
    30 | D:5      | HP: 1/14 [shadow imp (5)]
    32 | D:5      | Slain by a water moccasin

Levels and vault maps discovered:
D:5:      minmay_chambers_of_threes, layout_basic,
          nicolae_overflow_crystal_walls, minmay_temple_entry_statues_pillars,
          gammafunk_ghost_abyssal_escape, uniq_crazy_yiuf_cottage,
          uniq_blork_the_orc, uniq_duvessa

Action                   || total
-------------------------++-------
Melee: Hand axe          ||     6
Armor: Leather armour    ||     1
Dodge: Dodged            ||     7

Table legend:
 A = Non-vault XP
 B = Vault XP
 C = Vault XP percentage of total XP
 D = Non-vault monster count
 E = Vault monster count
 F = Vault count percentage of total count
                 A         B        C        D         E       F
            +---------+---------+-------+---------+---------+-------
      Total |      11 |       0 |   0.0 |       1 |       0 |   0.0
            +---------+---------+-------+---------+---------+-------
        D:5 |      11 |       0 |   0.0 |       1 |       0 |   0.0
            +---------+---------+-------+---------+---------+-------
